AoeStats
← EL LEON

African Clearing

506923551Analyzed
4v4 RM · 18d ago on Sep 15, 2026· 43m 29s· 8 players
Game mode
Random Map
Map size
Large (8 player)
Population
200
Speed
Normal
Resources
Standard
Victory
Conquest
Starting age
Dark Age
Ending age
Imperial Age
RankedLock teamsTeams togetherTeam positionsShared explorationLock speedFull tech treeHidden civsTurbo modeCheats
Victory
Defeat
🇦🇷 Mongols · Argentina
1243
+14
🇨🇱 Celts · Chile
1243
+14
🇹🇷 Huns · Türkiye
1188
+16
🇹🇼 Poles · Taiwan
1186
+16
🇹🇷 Khitans · Türkiye
1344
-22
🇹🇷 Cumans · Türkiye
1222
-16
🇮🇹 Italians · Italy
1103
-11
🇦🇷 Malay · Argentina
1089
-11
萊姆王帥帥毛
4:51 Loom
13:52 Feudal Age
14:31 Double-Bit Axe
16:57 Scale Barding Armor
17:03 Forging
21:27 Gold Mining
22:17 Bloodlines
25:18 Castle Age
25:25 Light Cavalry
26:30 Chain Barding Armor
27:25 Husbandry
28:03 Iron Casting
30:58 Stone Mining
38:01 Imperial Age
36:12 Wheelbarrow
36:23 Stone Shaft Mining
38:49 Horse Collar
40:04 Hand Cart
39:36 Town Watch
40:17 Heavy Plow
41:31 Chemistry
40:51 Ballistics
40:37 Siege Engineers
40:43 Masonry
42:21 Bow Saw
43:08 Winged Hussar
Crucio
14:23 Feudal Age
17:58 Castle Age
17:20 Padded Archer Armor
17:10 Fletching
17:10 Double-Bit Axe
18:52 Bow Saw
20:27 Thumb Ring
23:16 Loom
27:00 Ballistics
28:23 Leather Archer Armor
28:10 Bodkin Arrow
PmP_CoYuNo-
4:53 Loom
13:40 Feudal Age
17:44 Castle Age
17:42 Double-Bit Axe
18:19 Pikeman
21:27 Horse Collar
24:16 Fervor
25:50 Wheelbarrow
29:08 Arson
29:09 Gambesons
29:24 Scale Mail Armor
30:19 Hand Cart
31:02 Chain Mail Armor
30:57 Forging
31:28 Heavy Plow
31:44 Bow Saw
31:56 Stone Mining
31:57 Gold Mining
35:15 Imperial Age
33:36 Fletching
35:24 Town Watch
35:18 Elite Woad Raider
36:19 Conscription
36:43 Plate Mail Armor
38:12 Iron Casting
38:17 Town Patrol
40:23 Gold Shaft Mining
40:23 Stone Shaft Mining
42:12 Blast Furnace
Mr. Cold
3:29 Loom
11:21 Feudal Age
12:01 Double-Bit Axe
15:13 Wheelbarrow
14:55 Scale Barding Armor
15:00 Forging
19:30 Gold Mining
20:00 Bloodlines
24:43 Castle Age
23:59 Stone Mining
24:28 Horse Collar
29:10 Fletching
29:20 Padded Archer Armor
30:31 Padded Archer Armor
35:10 Husbandry
35:20 Bloodlines
35:33 Bloodlines
35:46 Ballistics
35:27 Bodkin Arrow
35:51 Leather Archer Armor
40:02 Imperial Age
38:08 Bow Saw
37:53 Light Cavalry
39:00 Hand Cart
40:21 Chain Barding Armor
40:36 Iron Casting
40:58 Bracer
41:45 Conscription
43:41 Blast Furnace
43:51 Chemistry
EL LEON
3:16 Loom
15:22 Feudal Age
15:02 Double-Bit Axe
15:10 Fishing Lines
22:05 Castle Age
24:24 Gold Mining
24:08 Man-at-Arms
35:40 Medium Warships
yangcongze30
4:04 Loom
14:08 Feudal Age
18:04 Castle Age
16:43 Double-Bit Axe
19:39 Bow Saw
24:49 Fletching
26:15 Horse Collar
28:26 Stone Mining
29:30 Gold Mining
30:22 Stone Shaft Mining
31:19 Bodkin Arrow
31:54 Heavy Plow
32:46 Padded Archer Armor
33:26 Wheelbarrow
32:36 Town Watch
34:53 Hand Cart
36:02 Leather Archer Armor
38:26 Ballistics
40:59 Imperial Age
38:31 Town Patrol
43:05 Chemistry
42:34 Elite Genoese Crossbowman
43:38 Conscription
43:58 Thumb Ring
Magi
9:38 Loom
14:58 Feudal Age
20:14 Castle Age
18:44 Stone Mining
20:34 Gold Mining
21:45 Elite Skirmisher
25:05 Domestication
25:44 Scale Mail Armor
27:36 Double-Bit Axe
28:51 Forging
28:35 Fletching
29:10 Bow Saw
33:09 Padded Archer Armor
33:05 Bodkin Arrow
34:36 Pastoralism
35:24 Chain Mail Armor
35:16 Lamellar Armor
35:51 Squires
40:25 Imperial Age
Albus
6:28 Loom
14:04 Feudal Age
20:05 Bloodlines
37:49 Horse Collar
Connection lost

Rejoining the realm…

Still unreachable

The connection could not be restored.

Session expired

The server has moved on; the page needs a fresh start.